AoeStats
← CrazyBen

African Clearing

505873882Analyzed
4v4 RM · 21d ago on Sep 11, 2026· 15m 22s· 8 players
Game mode
Random Map
Map size
Large (8 player)
Population
200
Speed
Normal
Resources
Standard
Victory
Conquest
Starting age
Dark Age
Ending age
Imperial Age
RankedLock teamsTeams togetherTeam positionsShared explorationLock speedFull tech treeHidden civsTurbo modeCheats
Victory
Defeat
🇹🇷 Vietnamese · Türkiye
1489
+13
🇪🇸 Mongols · Spain
1480
+14
🇫🇷 Khmer · France
1453
+15
🇯🇵 Cumans · Japan
1380
+18
🇩🇪 Burmese · Germany
1467
-17
🇩🇪 Tupi · Germany
1444
-16
🇩🇪 Koreans · Germany
1438
-15
🇩🇪 Magyars · Germany
1359
-12
CrazyBen
14:14 Loom
17:01 Feudal Age
Melquiades3959
7:10 Loom
13:16 Feudal Age
14:46 Double-Bit Axe
emre hkc
8:53 Loom
11:06 Feudal Age
15:10 Fletching
god comic
4:08 Loom
13:04 Feudal Age
13:45 Double-Bit Axe
15:09 Fletching
15:07 Town Watch
Ghost
4:52 Loom
13:26 Feudal Age
15:13 Double-Bit Axe
Janderjunge
13:13 Feudal Age
12:10 Loom
Dekodie
4:03 Loom
13:01 Feudal Age
16:48 Castle Age
Breznsoiza
3:00 Loom
Connection lost

Rejoining the realm…

Still unreachable

The connection could not be restored.

Session expired

The server has moved on; the page needs a fresh start.